 Dungeon Crawl Stone Soup version 0.30-a0-371-gad7725a (webtiles) character file.

Game seed: 9632977498386813848

17602 Dorkslayer the Carver (level 12, -3/94 HPs)
             Began as a Merfolk Fighter on Nov 22, 2022.
             Was an Initiate of Gozag.
             Slain by Rupert
             ... wielding a +6 vorpal battleaxe
              (4 damage)
             ... on level 2 of the Orcish Mines.
             The game lasted 00:33:05 (8665 turns).

Dorkslayer the Carver (Merfolk Fighter)             Turns: 8665, Time: 00:33:05

Health: -3/94      AC: 23    Str: 19    XL:     12   Next: 49%
Magic:  12/12      EV:  7    Int:  9    God:    Gozag
Gold:   2091       SH:  6    Dex: 14    Spells: 11/11 levels left

rFire   + . .      SeeInvis .    d - +8 scimitar (freeze)
rCold   + . .      Faith    .    g - +1 buckler "Edoky" {rF+ rC+}
rNeg    . . .      Spirit   .    y - +0 plate armour
rPois   +          Reflect  .    q - +2 helmet
rElec   .          Harm     .    f - +1 cloak
rCorr   .          Rampage  +    w - +1 pair of gloves
Will    .....                    e - +2 pair of boots {rampage}
Stlth   ..........               l - amulet of regeneration
HPRegen 1.15/turn                u - ring of poison resistance
MPRegen 0.13/turn                (no ring)

@: gold aura
A: (nimble swimmer 2), mertail
a: Renounce Religion, Potion Petition, Call Merchant, Bribe Branch


You were on level 2 of the Orcish Mines.
You worshipped Gozag.
Gozag was most pleased with you.
You visited 3 branches of the dungeon, and saw 14 of its levels.

You collected 2502 gold pieces.
You spent 271 gold pieces at shops.
You paid 140 gold pieces to Gozag.

Inventory:

Hand Weapons
 a - a +0 trident
 d - a +8 scimitar of freezing (weapon)
Missiles
 c - 5 boomerangs (quivered)
 i - 2 boomerangs of dispersal
 v - 2 silver javelins
 z - a curare-tipped dart
 G - 3 javelins
Armour
 e - a +2 pair of boots of rampaging (worn)
 f - a +1 cloak (worn)
 g - the +1 buckler "Edoky" (worn) {rF+ rC+}
   (You acquired it on level 4 of the Dungeon)

   rF:        It protects you from fire.
   rC:        It protects you from cold.
 q - a +2 helmet (worn)
 w - a +1 pair of gloves (worn)
 y - a +0 plate armour (worn)
 E - a +2 kite shield
Jewellery
 l - an amulet of regeneration (around neck)
 u - a ring of poison resistance (left hand)
Wands
 F - a wand of flame (12)
Scrolls
 b - a scroll of teleportation
 k - 5 scrolls of butterflies
 s - a scroll of fear
 x - a scroll of amnesia
 A - a scroll of enchant armour
 B - a scroll of magic mapping
 H - a scroll of immolation
Potions
 h - 2 potions of flight
 j - a potion of resistance
 n - 2 potions of ambrosia
 o - a potion of mutation {unknown}
 p - 5 potions of heal wounds
 r - 2 potions of magic
 t - 2 potions of curing
 D - 4 potions of berserk rage


   Skills:
 + Level 8.7 Fighting
 * Level 13.6 Long Blades
 + Level 9.9 Polearms
 + Level 4.8 Throwing
 + Level 6.2 Armour
 + Level 4.2 Dodging
 + Level 1.8 Stealth
 + Level 6.1 Shields
 * Level 6.7 Evocations


You had 11 spell levels left.
You didn't know any spells.
Your spell library contained the following spells:

 Spells                   Type           Power      Damage    Failure   Level
 Cigotuvi's Dreadful Rot  Necr/Pois/Air  0%         N/A       100%        2
 Poisonous Vapours        Pois/Air       0%         N/A       100%        2
 Ignite Poison            Fire/Tmut/Pois 0%         N/A       100%        3
 Kindle Blastsparks       Fire/Tloc/Air  0%         2d10      100%        3
 Mephitic Cloud           Conj/Pois/Air  0%         N/A       100%        3
 Summon Guardian Golem    Hex/Summ       0%         N/A       100%        3
 Dispel Undead            Necr           0%         3d6       100%        4
 Freezing Cloud           Conj/Ice/Air   0%         6-21      100%        5
 Death Channel            Necr           0%         N/A       100%        6
 Orb of Destruction       Conj           0%         9d5       100%        7
 Spellforged Servitor     Conj/Summ      0%         N/A       100%        7


Dungeon Overview and Level Annotations

Branches:
Dungeon (11/15)            Temple (1/1) D:7            Lair (0/5) D:10
    Orc (2/2) D:9
    Elf: Orc:2

Altars:
Ashenzari
Cheibriados
Dithmenos
Elyvilon
Fedhas
Gozag
Hepliaklqana
Kikubaaqudgha
Makhleb
Nemelex Xobeh
Okawaru
Qazlal
Ru
Sif Muna
Trog
Uskayaw
Vehumet
Wu Jian
Xom
Yredelemnul
Zin
The Shining One

Shops:
Orc:2 *

Annotations:
Orc:2 Rupert


Innate Abilities, Weirdness & Mutations

((You are very nimble when in or above water. (Stealth+, EV+, Speed+++)))
Your lower body shifts to a powerful aquatic tail in water.


Message History

The orc wizard flickers and vanishes!
Deactivating autopickup; reactivate with Ctrl-A.
You hear a shout! x4
The orc warrior is distracted by your dazzling golden aura.
The orc warrior shouts!
You hear a shout!
Unknown command.
Okay, then.
As you read the scroll of teleportation, it crumbles to dust.
You feel strangely unstable. The orc warrior barely misses you.
The two-headed ogre hits you with a +0 giant spiked club! x2
Rupert hits you with a +6 vorpal battleaxe!
The orc is distracted by your dazzling golden aura.
The orc shouts!
You hear a shout! x3
Unknown command.
Rupert attacks as you move away!
Rupert hits you with a +6 vorpal battleaxe!!
* * * LOW HITPOINT WARNING * * *
x2 You hear a shout!
Unknown command.
Blink to where?
Press: ? - help, Dir - move target
As you read the scroll of blinking, it crumbles to dust.
Unknown command.
Your surroundings suddenly seem different.
An orc comes into view. It is wielding a +0 club.
Rupert attacks as you move away! You block Rupert's attack.
The ogre is distracted by your dazzling golden aura.
The ogre shouts!
Okay, then.
As you read the scroll of fear, it crumbles to dust.
You assume a fearsome visage.
Rupert is unaffected.
The orc warrior looks frightened!
The orc looks frightened! x2
The ogre looks frightened!
The orc warrior looks frightened! x2
The two-headed ogre looks frightened!
The orc warrior looks frightened!
The orc looks frightened!
Rupert hits you with a +6 vorpal battleaxe!!
* * * LOW HITPOINT WARNING * * *
You die...
Your body crumbles into a pile of gold.

.............§.... $
....................
...........§§.......
.............§≈≈≈≈§§
......##..##§≈##§§≈#
......##..##.≈##≈###
#.............§§≈#
#.......oO...§§#
#...@@o..#.≈≈#
##....O..#.≈≈# #
#.........§≈≈#
....#..o.......§≈#
.......o$##....≈§≈≈
.....o....##.##≈≈≈#
..........# $# .≈≈
......#oo.# .. .≈
.........#. .#.


You could see Rupert (berserk), a two-headed ogre (fleeing), 4 orc warriors, an
ogre (fleeing) and 3 orcs.

Vanquished Creatures
  The ghost of Ceretri the Nimble, a journeyman DjFE of Qazlal (Orc:1)
  A two-headed ogre (D:9)
  A boulder beetle (D:9)
  Pikel (D:7)
  2 orc knights (Orc:1)
  A cyclops (D:10)
  2 moths of wrath (Orc:1)
  Joseph (D:8)
  Maggie (D:10)
  2 kobold demonologists (D:10)
  A komodo dragon (D:11)
  4 trolls
  Grinder (D:4)
  23 yaks
  Eustachio (D:4)
  4 wyverns
  Grum (D:8)
  A warg (D:9)
  2 water moccasins
  2 ice beasts
  5 black bears
  13 orc warriors
  4 centaurs
  4 wolves (D:8)
  3 ogres
  A lemure (D:7)
  5 kobold brigands
  2 gnoll sergeants
  6 bullfrogs
  A necrophage (D:4)
  4 scorpions
  7 wights
  2 killer bees
  6 howler monkeys
  2 jellies
  14 orc priests
  2 gnoll boudas
  A hound (D:5)
  3 iguanas
  Crazy Yiuf (D:4)
  12 orc wizards
  Robin (D:4)
  13 gnolls
  8 adders
  An ufetubus (D:5)
  A worm (D:4)
  2 dart slugs
  51 orcs
  7 ball pythons
  A bat (D:3)
  4 endoplasms
  A giant cockroach (D:1)
  14 goblins
  11 hobgoblins
  3 jackals (D:4)
  24 kobolds
  A quokka (D:2)
  9 frilled lizards
  5 rats
308 creatures vanquished.

Vanquished Creatures (collateral kills)
  An orc sorcerer (Orc:1)
  An orc warrior (Orc:1)
  An orc priest (Orc:1)
  An orc wizard (Orc:1)
  3 orcs (Orc:1)
7 creatures vanquished.

Vanquished Creatures (others)
  51 fungi
  46 plants
97 creatures vanquished.

Grand Total: 412 creatures vanquished

Notes
Turn   | Place    | Note
-------+----------+-------------------------------------------
     0 | D:1      | Dorkslayer the Merfolk Fighter began the quest for the Orb.
     0 | D:1      | Reached XP level 1. HP: 18/18 MP: 1/1
    87 | D:1      | Reached XP level 2. HP: 17/24 MP: 2/2
   682 | D:2      | Found a faded altar of an unknown god.
   694 | D:2      | Reached XP level 3. HP: 30/30 MP: 3/3
   971 | D:3      | Reached XP level 4. HP: 37/37 MP: 4/4
  1089 | D:3      | Found a broken altar of Ashenzari.
  1090 | D:3      | Found a basalt altar of Yredelemnul.
  1090 | D:3      | Found a stormy altar of Qazlal.
  1094 | D:3      | Found a burning altar of Makhleb.
  1446 | D:4      | Noticed a scorpion
  1452 | D:4      | Noticed a necrophage
  1459 | D:4      | Killed a necrophage
  1460 | D:4      | Reached XP level 5. HP: 33/42 MP: 5/5
  1461 | D:4      | Reached skill level 5 in Polearms
  1468 | D:4      | Reached skill level 1 in Dodging
  1495 | D:4      | Noticed Robin
  1510 | D:4      | Reached XP level 6. HP: 48/48 MP: 6/6
  1529 | D:4      | Killed Robin
  1674 | D:4      | Noticed Eustachio
  1675 | D:4      | Noticed Grinder
  1719 | D:4      | Killed Eustachio
  1720 | D:4      | Reached XP level 7. HP: 55/55 MP: 7/7
  1744 | D:4      | Killed Grinder
  1745 | D:4      | Reached skill level 1 in Throwing
  1883 | D:4      | Identified a scroll of acquirement
  1883 | D:4      | Acquired the +1 buckler "Edoky" {rF+ rC+}
  1945 | D:4      | Found a bloodstained altar of Trog.
  2196 | D:4      | Found a runed translucent door.
  2197 | D:4      | Noticed Crazy Yiuf
  2202 | D:4      | Killed Crazy Yiuf
  2272 | D:5      | Entered Level 5 of the Dungeon
  2415 | D:5      | Found a sparkling altar of Nemelex Xobeh.
  2545 | D:5      | Reached XP level 8. HP: 56/61 MP: 8/8
  2758 | D:5      | Found a shimmering blue altar of Sif Muna.
  2795 | D:5      | Reached skill level 5 in Fighting
  3250 | D:6      | Found a glowing golden altar of the Shining One.
  3251 | D:6      | Found a blossoming altar of Fedhas.
  3505 | D:6      | Reached XP level 9. HP: 67/68 MP: 9/9
  3619 | D:6      | Reached skill level 5 in Shields
  4272 | D:7      | Reached skill level 1 in Long Blades
  4367 | D:7      | Found an iron altar of Okawaru.
  4484 | D:7      | Found a staircase to the Ecumenical Temple.
  4503 | Temple   | Entered the Ecumenical Temple
  4508 | Temple   | Became a worshipper of Gozag Ym Sagoz the Greedy
  4555 | D:7      | Reached skill level 2 in Long Blades
  4556 | D:7      | Reached skill level 1 in Evocations
  4575 | D:7      | Reached skill level 3 in Long Blades
  4733 | D:7      | Reached skill level 4 in Long Blades
  4779 | D:7      | Reached skill level 5 in Long Blades
  4837 | D:7      | Noticed Pikel
  4855 | D:7      | Killed Pikel
  4856 | D:7      | Reached skill level 6 in Long Blades
  4856 | D:7      | Reached XP level 10. HP: 66/76 MP: 10/10
  5113 | D:8      | Reached skill level 7 in Long Blades
  5130 | D:8      | Noticed Joseph
  5152 | D:8      | Killed Joseph
  5153 | D:8      | Reached skill level 8 in Long Blades
  5153 | D:8      | Reached skill level 5 in Armour
  5390 | D:8      | Noticed Grum
  5397 | D:8      | Reached skill level 9 in Long Blades
  5417 | D:8      | Killed Grum
  5951 | D:9      | Reached XP level 11. HP: 70/84 MP: 11/11
  5952 | D:9      | Noticed a two-headed ogre
  5954 | D:9      | Reached skill level 10 in Long Blades
  5957 | D:9      | Killed a two-headed ogre
  6024 | D:9      | Found a staircase to the Orcish Mines.
  6341 | D:9      | Found a transporter.
  6342 | D:9      | Found a transporter.
  6344 | D:9      | Noticed a boulder beetle
  6851 | D:9      | Killed a boulder beetle
  6852 | D:9      | Reached skill level 11 in Long Blades
  6903 | D:10     | Entered Level 10 of the Dungeon
  7070 | D:10     | Found an ancient bone altar of Kikubaaqudgha.
  7091 | D:10     | Reached skill level 5 in Evocations
  7121 | D:10     | Reached skill level 1 in Stealth
  7138 | D:10     | Noticed a sixfirhy
  7139 | D:10     | Noticed Maggie
  7231 | D:10     | Killed Maggie
  7239 | D:10     | Noticed a cyclops
  7247 | D:10     | Killed a cyclops
  7248 | D:10     | Reached skill level 12 in Long Blades
  7431 | D:10     | Found a staircase to the Lair.
  7824 | D:11     | Reached XP level 12. HP: 92/92 MP: 12/12
  7832 | D:11     | Noticed a two-headed ogre
  7888 | Orc:1    | Entered Level 1 of the Orcish Mines
  8032 | Orc:1    | Found a transporter.
  8035 | Orc:1    | Noticed Ceretri's ghost (journeyman DjFE)
  8072 | Orc:1    | Found a bloodstained altar of Trog.
  8094 | Orc:1    | Found a transporter.
  8111 | Orc:1    | Paralysed by an orc sorcerer for 2 turns
  8114 | Orc:1    | Reached skill level 13 in Long Blades
  8391 | Orc:1    | Killed Ceretri's ghost
  8414 | Orc:1    | Identified the +0 scale mail of the Barracuda {*Slow rPois
                  | Dex+2}
  8475 | Orc:2    | Entered Level 2 of the Orcish Mines
  8475 | Orc:2    | Found Nuwo's Assorted Antiques.
  8509 | Orc:2    | Bought a scroll of identify for 46 gold pieces
  8509 | Orc:2    | Bought a scroll of butterflies for 92 gold pieces
  8509 | Orc:2    | Bought an encrusted wooden wand for 92 gold pieces
  8509 | Orc:2    | Bought 2 lumpy blue potions for 41 gold pieces
  8653 | Orc:2    | Noticed a two-headed ogre
  8653 | Orc:2    | Noticed Rupert
  8665 | Orc:2    | HP: 1/94 [Rupert/+6 vorpal battleaxe (25)]
  8665 | Orc:2    | Slain by Rupert

Illustrated notes

Levels and vault maps discovered:
D:1:      psy_arrival_radial02, layout_rooms, hex_tiny
D:2:      layout_rooms, nicolae_ecumenical_snake_handling
D:3:      layout_rooms, grunt_temple_overflow_open, minmay_lizard_king
D:4:      layout_loops_ring, trog_three_pillars_becter, st_stairs_12,
          uniq_crazy_yiuf_cottage, uniq_robin, uniq_eustachio, uniq_grinder
D:5:      layout_loops_cross, nemelex_xobeh_ov_fountains_minmay,
          mainiacjoe_overflow_catwalk
D:6:      layout_basic, chequers_temple_overflow_statue_of_worship
D:7:      minmay_bubble_buster, layout_rooms, mainiacjoe_overflow_boulevard,
          minmay_temple_entry_grid, chequers_serial_rivers_small_3, uniq_pikel
D:8:      layout_basic, uniq_joseph, uniq_grum
D:9:      gammafunk_boulding_lane, layout_loops_corners, david_orc_3
D:10:     layout_basic, kiku_gazebo_pond_becter, due_lair_maze_entry_diamond,
          minmay_misc_feat_rows, minmay_sticks_and_stones, uniq_maggie
D:11:     layout_loops_cross, nicolae_wwwww
Temple:   minmay_freezing_vapour_temple
Orc:1:    layout_caves, gammafunk_ghost_wrathful_warriors, serial_shops, shop
Orc:2:    kennysheep_orc_mage_school, layout_caves, serial_shops,
          nicolae_shop_stone, uniq_rupert

Skill      XL: |  1  2  3  4  5  6  7  8  9 10 11 12 |
---------------+-------------------------------------+-----
Polearms       | 3 4 5 6 7 9 |  9.9
Fighting       | 4 5 6 7 8 |  8.7
Armour         | 3 4 5 6 |  6.2
Dodging        | 1 2 4 |  4.2
Throwing       | 2 3 4 |  4.8
Shields        | 4 5 6 |  6.1
Long Blades    | 6 9 12 13 | 13.6
Evocations     | 3 4 5 6 |  6.7
Stealth        | 1 |  1.8

Action                   |  1- 3 |  4- 6 |  7- 9 | 10-12 || total
-------------------------+-------+-------+-------+-------++-------
Melee: Trident           |   109 |   167 |   264 |       ||   540
       Tailslap          |       |       |     2 |       ||     2
       Scimitar          |       |       |    87 |   427 ||   514
Throw: Dart              |       |    11 |    17 |     4 ||    32
       Boomerang         |       |       |    14 |    40 ||    54
       Javelin           |       |       |     7 |    11 ||    18
Evoke: Wand              |       |       |     3 |    15 ||    18
  Use: Scroll            |       |     2 |    14 |    19 ||    35
       Potion            |       |     1 |     2 |     2 ||     5
 Stab: Distracted        |       |       |       |     4 ||     4
Armor: Scale mail        |    45 |   100 |    45 |       ||   190
       Chain mail        |       |       |    43 |       ||    43
       Plate armour      |       |       |   105 |   206 ||   311
Dodge: Dodged            |    36 |   105 |    82 |    92 ||   315
Block: Buckler           |    22 |    31 |    89 |   106 ||   248

Table legend: (Time is in decaauts)
 A = Elapsed time spent in this place.
 B = Non-inter-level travel time spent in this place.
 C = Inter-level travel time spent in this place.
 D = Time resting spent in this place.
 E = Time spent auto-exploring this place.
 F = Levels seen in this place.
 G = Mean time per level.
                   A        B        C        D        E       F      G
               +--------+--------+--------+--------+--------+-----+--------+
         Total |   8610 |   8585 |     25 |    113 |   3800 |  14 |  615.0 |
       Dungeon |   7873 |   7849 |     24 |    113 |   3712 |  11 |  715.7 |
        Temple |     13 |     13 |      0 |      0 |      0 |   1 |   13.0 |
  Orcish Mines |    723 |    723 |      0 |      0 |     88 |   2 |  361.5 |
               +--------+--------+--------+--------+--------+-----+--------+

Top non-repeatable levels by time:
     D:6: 1208 daAuts
     D:9: 1077 daAuts
    D:10: 869 daAuts
     D:4: 832 daAuts
     D:7: 811 daAuts
     D:8: 788 daAuts
     D:5: 747 daAuts
   Orc:1: 540 daAuts
     D:2: 508 daAuts
     D:3: 492 daAuts
     D:1: 465 daAuts
   Orc:2: 182 daAuts
    D:11: 72 daAuts
  Temple: 13 daAuts
